 Dungeon Crawl Stone Soup version 0.19.4-12-gccf7e64 (webtiles) character file.

44 Magnus the Shooter (level 3, 0/34 HPs)
             Began as a High Elf Arcane Marksman on Feb 27, 2017.
             Slain by Ijyb
             ... wielding a +2 dagger of protection
              (4 damage)
             ... on level 1 of the Dungeon.
             The game lasted 00:04:11 (1442 turns).

Magnus the Shooter (High Elf Arcane Marksman)       Turns: 1442, Time: 00:04:12

Health: 0/34       AC:  3    Str: 15    XL:     3   Next: 39%
Magic:  5/7        EV: 13    Int: 17    God:
Gold:   93         SH:  0    Dex: 15    Spells: 2 memorised, 3 levels left

rFire  . . .     SeeInvis .     a - +0 shortbow
rCold  . . .     Gourm    .     e - +0 robe
rNeg   . . .     Faith    .     (shield currently unavailable)
rPois  .         Spirit   .     n - +0 helmet (curse)
rElec  .         Reflect  .     (no cloak)
rCorr  .         Harm     .     (no gloves)
MR     .....                    (no boots)
Stlth  ..........               (no amulet)
                                (no ring)
                                (no ring)

@: berserking (expiring), flying, very quick
A: no striking features
a: no special abilities


You were on level 1 of the Dungeon.
You were very hungry.

You visited 1 branch of the dungeon, and saw 2 of its levels.

You collected 93 gold pieces.

Inventory:

Hand Weapons
 a - a +0 shortbow (weapon)
 o - a +0 short sword of flaming
Missiles
 d - 5 arrows (quivered)
Armour
 e - a +0 robe (worn)
 n - a cursed +0 helmet (worn)
Jewellery
 j - an uncursed ring of ice
Scrolls
 b - a scroll of identify {unknown}
 l - a scroll of fear {unknown}
Potions
 m - 2 potions of degeneration {unknown}
Books
 c - a book of Debilitation

   Spells                             Type                      Level
   a - Corona                         Hexes                        1
   b - Slow                           Hexes                        2
   c - Gell's Gravitas                Hexes/Translocation          3
   d - Inner Flame                    Hexes/Fire                   3
   e - Cause Fear                     Hexes                        4
   f - Leda's Liquefaction            Hexes/Earth                  4
Comestibles
 f - a bread ration
 h - a beef jerky
 q - a slice of pizza


   Skills:
 - Level 1.0 Fighting
 + Level 3.9 Bows
 - Level 2.1 Dodging
 + Level 2.1 Spellcasting
 + Level 3.4 Hexes


You had 3 spell levels left.
You knew the following spells:

 Your Spells              Type           Power        Failure   Level  Hunger
a - Corona                Hex            ##.....      4%          1    #......
b - Slow                  Hex            ##......     10%         2    ###....


Dungeon Overview and Level Annotations

Branches:
Dungeon (2/15)

Altars:

Annotations:
D:1 Ijyb
D:2 Jessica


Message History

* * * LOW HITPOINT WARNING * * *
You clumsily bash Ijyb but do no damage.
Ijyb hits you but does no damage.
Ijyb is nearby!
You clumsily bash Ijyb but do no damage.
Ijyb closely misses you. Ijyb barely misses you.
You barely miss Ijyb. Ijyb barely misses you.
Ijyb is nearby!
You clumsily bash Ijyb.
Ijyb is lightly wounded.
Ijyb barely misses you. Ijyb misses you.
You clumsily bash Ijyb.
Ijyb is moderately wounded.
Ijyb hits you with a dagger of protection.
* * * LOW HITPOINT WARNING * * *
You closely miss Ijyb.
Ijyb is moderately wounded.
Ijyb closely misses you.
Ijyb hits you with a dagger of protection.
You die...

###.# ###.####
.......# ###....#
.......#
.......########
#.............#####
..................#
...)............@.#
.........##......g#
..#.#....##.#+##..#
....#.#..##.#.....#
.#....#..##.####.##
......(......# #.#
###.###...##.# #.#
###......###.###.#
#....###.......#.#


You could see Ijyb.

Vanquished Creatures
  An adder (D:2)
  An ooze (D:1)
  A dart slug (D:1)
  A ball python (D:1)
  A bat (D:1)
  2 giant cockroaches (D:1)
  2 goblins (D:1)
  A hobgoblin (D:1)
  4 jackals (D:1)
  3 frilled lizards (D:1)
  6 kobolds (D:1)
  5 rats
28 creatures vanquished.

Notes
Turn   | Place    | Note
-------+----------+-------------------------------------------
     0 | D:1      | Magnus the High Elf Arcane Marksman began the quest for the Orb.
     0 | D:1      | Reached XP level 1. HP: 13/13 MP: 3/3
   137 | D:1      | Reached XP level 2. HP: 18/18 MP: 1/5
   737 | D:1      | Reached XP level 3. HP: 20/23 MP: 7/7
  1148 | D:1      | Learned a level 2 spell: Slow
  1394 | D:2      | Noticed Jessica
  1394 | D:2      | Noticed Ijyb
  1442 | D:1      | Slain by Ijyb

Skill      XL: |  1  2 |
---------------+-------+-----
Bows           | 3 |  3.9
Spellcasting   | 2 |  2.1
Fighting       | |  1.0
Dodging        | |  2.1
Hexes          | |  3.4

Action                   || total
-------------------------++-------
Melee: Short sword       ||    74
       Shortbow          ||     8
 Fire: Shortbow          ||    30
 Cast: Corona            ||    10
       Slow              ||     2
  Use: Potion            ||     4
  Eat: Chunk             ||     1
Armor: Robe              ||    24
Dodge: Dodged            ||    71
